TOP OF THE 1ST |
Texas Longhorns batting - Pitching for Texas Christian Horned Frogs : RHP Steve Frean
|
Pitching: RHP Steve Frean
|
|
Batting: RHB Bob Cooper
|
0-0: Ball 1-0: Ball 2-0: Ball 3-0: Called Strike 3-1: Fly out, F8 (Flyball, 78M)
|
Batting: SHB Fabio Morán
|
0-0: Ball 1-0: Swinging Strike 1-1: Foul Ball, location: 2F 1-2: SINGLE (Groundball, 25) (infield hit)
|
Batting: RHB Joe Rogers
|
0-0: Ball 1-0: Foul Ball, location: 2F 1-1: Foul Ball, location: 2F 1-2: Foul Ball, location: 2F 1-2: Foul Ball, location: 2F 1-2: Foul Ball, location: 2F 1-2: Foul Ball, location: 2F 1-2: Foul Ball, location: 2F 1-2: Grounds into double play, 5-4-3 (Groundball, 5)
|
Top of the 1st over - 0 run(s), 1 hit(s), 0 error(s), 0 left on base; Texas 0 - Texas Christian 0 |
BOTTOM OF THE 1ST |
Texas Christian Horned Frogs batting - Pitching for Texas Longhorns : RHP Joseph Burch
|
Pitching: RHP Joseph Burch
|
|
Batting: RHB Eric Adams
|
0-0: Foul Ball, location: 2F 0-1: Called Strike 0-2: Ball 1-2: Foul Ball, location: 2F 1-2: Ball 2-2: Strikes out looking
|
Batting: RHB Jeff Byford
|
0-0: Ball 1-0: Ball 2-0: Ball 3-0: Called Strike 3-1: Foul Ball, location: 2F 3-2: Base on Balls
|
Batting: LHB Todd Gilliam
|
0-0: Called Strike 0-1: Foul Ball, location: 2F 0-2: Fly out, F8 (Flyball, 8RD)
|
Batting: RHB Brad Ravenshaw
|
0-0: Fly out, F8 (Flyball, 8RM)
|
Bottom of the 1st over - 0 run(s), 0 hit(s), 0 error(s), 1 left on base; Texas 0 - Texas Christian 0 |
TOP OF THE 2ND |
Texas Longhorns batting - Pitching for Texas Christian Horned Frogs : RHP Steve Frean
|
Batting: SHB Randy Anderson
|
0-0: Ball 1-0: Fly out, F8 (Flyball, 89S)
|
Batting: RHB Gabriel Byram
|
0-0: Ball 1-0: Ball 2-0: Ground out 1-3 (Groundball, 13)
|
Batting: SHB Del McNeill
|
0-0: Ground out 3-1 (Groundball, 34)
|
Top of the 2nd over - 0 run(s), 0 hit(s), 0 error(s), 0 left on base; Texas 0 - Texas Christian 0 |
BOTTOM OF THE 2ND |
Texas Christian Horned Frogs batting - Pitching for Texas Longhorns : RHP Joseph Burch
|
Batting: SHB Ron Winston
|
0-0: Ball 1-0: Called Strike 1-1: Foul Ball, location: 2F 1-2: Ground out 5-3 (Groundball, 56)
|
Batting: RHB Stan Webb
|
0-0: Ball 1-0: Foul Ball, location: 2F 1-1: Foul Ball, location: 2F 1-2: Foul Ball, location: 2F 1-2: Ground out U3 (Groundball, 3)
|
Batting: LHB Axel Hall
|
0-0: Ball 1-0: Ball 2-0: Swinging Strike 2-1: Swinging Strike 2-2: Ball 3-2: SOLO HOME RUN (Flyball, 9D), Distance : 370 ft
|
Batting: RHB Parker Gonzáles
|
0-0: Ball 1-0: Ball 2-0: Called Strike 2-1: Swinging Strike 2-2: Strikes out swinging
|
Bottom of the 2nd over - 1 run(s), 1 hit(s), 0 error(s), 0 left on base; Texas 0 - Texas Christian 1 |
TOP OF THE 3RD |
Texas Longhorns batting - Pitching for Texas Christian Horned Frogs : RHP Steve Frean
|
Batting: RHB Quentin Barker
|
0-0: Fly out, F7 (Flyball, 7LMF)
|
Batting: SHB Dave Hickman
|
0-0: Ball 1-0: Called Strike 1-1: Foul Ball, location: 2F 1-2: Foul Ball, location: 2F 1-2: Strikes out swinging
|
Batting: RHB William Gilmore
|
0-0: Called Strike 0-1: Ball 1-1: Ball 2-1: Fly out, F7 (Line Drive, 7)
|
Top of the 3rd over - 0 run(s), 0 hit(s), 0 error(s), 0 left on base; Texas 0 - Texas Christian 1 |
BOTTOM OF THE 3RD |
Texas Christian Horned Frogs batting - Pitching for Texas Longhorns : RHP Joseph Burch
|
Batting: SHB Pete Fields
|
0-0: Called Strike 0-1: Ground out 3-1 (Groundball, 34S)
|
Batting: RHB Eric Adams
|
0-0: Called Strike 0-1: Called Strike 0-2: Ball 1-2: Foul Ball, location: 2F 1-2: Ground out 5-3 (Groundball, 56S)
|
Batting: RHB Jeff Byford
|
0-0: Called Strike 0-1: Foul Ball, location: 2F 0-2: Ball 1-2: Strikes out swinging
|
Bottom of the 3rd over - 0 run(s), 0 hit(s), 0 error(s), 0 left on base; Texas 0 - Texas Christian 1 |
TOP OF THE 4TH |
Texas Longhorns batting - Pitching for Texas Christian Horned Frogs : RHP Steve Frean
|
Batting: RHB Bob Cooper
|
0-0: Called Strike 0-1: Ball 1-1: Ground out 6-3 (Groundball, 6)
|
Batting: SHB Fabio Morán
|
0-0: Ball 1-0: Ball 2-0: Ball 3-0: Called Strike 3-1: Swinging Strike 3-2: Base on Balls
|
Batting: RHB Joe Rogers
|
0-0: Ball 1-0: Called Strike 1-1: Called Strike 1-2: Foul Ball, location: 2F 1-2: Ball Wild Pitch! Fabio Morán to second 2-2: Foul Ball, location: 2F 2-2: Foul Ball, location: 2F 2-2: Foul Ball, location: 2F 2-2: Strikes out swinging
|
Batting: SHB Randy Anderson
|
0-0: Ball 1-0: Ball 2-0: Called Strike 2-1: Ball 3-1: Base on Balls
|
Batting: RHB Gabriel Byram
|
0-0: Called Strike 0-1: Ball 1-1: Fly out, F8 (Flyball, 89M)
|
Top of the 4th over - 0 run(s), 0 hit(s), 0 error(s), 2 left on base; Texas 0 - Texas Christian 1 |
BOTTOM OF THE 4TH |
Texas Christian Horned Frogs batting - Pitching for Texas Longhorns : RHP Joseph Burch
|
Batting: LHB Todd Gilliam
|
0-0: Ball 1-0: Foul Ball, location: 2F 1-1: Foul Ball, location: 2F 1-2: Ball 2-2: Ball 3-2: Foul Ball, location: 2F 3-2: SINGLE (Groundball, 6MD)
|
Batting: RHB Brad Ravenshaw
|
0-0: Ball 1-0: Swinging Strike 1-1: Foul Ball, location: 2F 1-2: Strikes out swinging
|
Batting: SHB Ron Winston
|
0-0: Ball 1-0: SINGLE (Line Drive, 7S) Todd Gilliam to second
|
Batting: RHB Stan Webb
|
0-0: Ball 1-0: Foul Ball, location: 2F 1-1: Foul Ball, location: 2F 1-2: Ball 2-2: Ball 3-2: Strikes out swinging
|
Batting: LHB Axel Hall
|
0-0: Ball 1-0: Ball 2-0: Foul Ball, location: 2F 2-1: Foul Ball, location: 2F 2-2: Foul Ball, location: 2F 2-2: Strikes out looking
|
Bottom of the 4th over - 0 run(s), 2 hit(s), 0 error(s), 2 left on base; Texas 0 - Texas Christian 1 |
TOP OF THE 5TH |
Texas Longhorns batting - Pitching for Texas Christian Horned Frogs : RHP Steve Frean
|
Batting: SHB Del McNeill
|
0-0: Reached on error, E3 (Groundball, 3L)
|
Batting: RHB Quentin Barker
|
0-0: 2-RUN HOME RUN (Flyball, 7LD), Distance : 363 ft
|
Batting: SHB Dave Hickman
|
0-0: Called Strike 0-1: Fly out, F8 (Line Drive, 8LM)
|
Batting: RHB William Gilmore
|
0-0: Called Strike 0-1: Ball 1-1: Called Strike 1-2: SOLO HOME RUN (Flyball, 78XD), Distance : 427 ft
|
Batting: RHB Bob Cooper
|
0-0: Called Strike 0-1: SINGLE (Groundball, 6MD)
|
Batting: SHB Fabio Morán
|
0-0: Fly out, F9 (Flyball, 9LM)
|
Batting: RHB Joe Rogers
|
0-0: Fielders Choice at 2nd, 6-4 (Groundball, 6)
|
Top of the 5th over - 3 run(s), 3 hit(s), 1 error(s), 0 left on base; Texas 3 - Texas Christian 1 |
BOTTOM OF THE 5TH |
Texas Christian Horned Frogs batting - Pitching for Texas Longhorns : RHP Joseph Burch
|
Batting: RHB Parker Gonzáles
|
0-0: Ball 1-0: Ground out 4-3 (Groundball, 4)
|
Batting: SHB Pete Fields
|
0-0: Ball
|
|
|
|
1-0: Called Strike 1-1: Swinging Strike 1-2: Ball 2-2: Foul Ball, location: 2F 2-2: Fly out, F6 (Popup, 6MD)
|
Batting: RHB Eric Adams
|
0-0: Called Strike 0-1: Foul Ball, location: 2F 0-2: Strikes out swinging
|
Bottom of the 5th over - 0 run(s), 0 hit(s), 0 error(s), 0 left on base; Texas 3 - Texas Christian 1 |
TOP OF THE 6TH |
Texas Longhorns batting - Pitching for Texas Christian Horned Frogs : RHP Steve Frean
|
Batting: SHB Randy Anderson
|
0-0: Foul Ball, location: 2F 0-1: Fly out, F2 (Popup, 2R)
|
Batting: RHB Gabriel Byram
|
0-0: Ball 1-0: Called Strike 1-1: DOUBLE (Line Drive, 9LM)
|
Batting: SHB Del McNeill
|
0-0: Ball 1-0: Called Strike 1-1: Ball 2-1: Ball 3-1: Base on Balls
|
Pitching: LHP Joe Roberts
|
|
Batting: RHB Quentin Barker
|
0-0: Ball 1-0: Swinging Strike 1-1: Swinging Strike 1-2: Strikes out swinging
|
Batting: SHB Dave Hickman
|
0-0: Ground out 5-3 (Groundball, 56)
|
Top of the 6th over - 0 run(s), 1 hit(s), 0 error(s), 2 left on base; Texas 3 - Texas Christian 1 |
BOTTOM OF THE 6TH |
Texas Christian Horned Frogs batting - Pitching for Texas Longhorns : RHP Joseph Burch
|
Pitching: LHP Enrique Movonda
|
|
Batting: RHB Jeff Byford
|
0-0: Called Strike 0-1: Ball 1-1: Ball 2-1: Ball 3-1: Foul Ball, location: 2F 3-2: Base on Balls
|
Batting: LHB Todd Gilliam
|
0-0: Called Strike 0-1: Ball 1-1: Ball 2-1: Foul Ball, location: 2F 2-2: Foul Ball, location: 2F 2-2: Ball 3-2: Fly out, F8 (Line Drive, 8LS)
|
Batting: RHB Brad Ravenshaw
|
0-0: Ball 1-0: Ball 2-0: Swinging Strike 2-1: Foul Ball, location: 2F 2-2: Strikes out swinging
|
Batting: SHB Ron Winston
|
0-0: Called Strike 0-1: Ball 1-1: Foul Ball, location: 2F 1-2: Ball 2-2: Foul Ball, location: 2F 2-2: Ball 3-2: Base on Balls Jeff Byford to second
|
Batting: RHB Stan Webb
|
0-0: Ball 1-0: Ball 2-0: SINGLE (Line Drive, 6) Jeff Byford to third Ron Winston to second Runner from 3rd tries for Home, SAFE, no throw
|
Batting: LHB Axel Hall
|
0-0: Called Strike 0-1: Swinging Strike 0-2: Strikes out swinging
|
Bottom of the 6th over - 1 run(s), 1 hit(s), 0 error(s), 2 left on base; Texas 3 - Texas Christian 2 |
TOP OF THE 7TH |
Texas Longhorns batting - Pitching for Texas Christian Horned Frogs : LHP Joe Roberts
|
Batting: RHB William Gilmore
|
0-0: Swinging Strike 0-1: Ball 1-1: Ball 2-1: Ball 3-1: Foul Ball, location: 2F 3-2: Base on Balls
|
Batting: RHB Bob Cooper
|
0-0: Ball 1-0: Fly out, F7 (Flyball, 7D)
|
Batting: SHB Fabio Morán
|
0-0: Ball 1-0: Ball 2-0: Ball 3-0: Called Strike 3-1: Base on Balls William Gilmore to second
|
Batting: RHB Joe Rogers
|
0-0: Ball 1-0: Foul Ball, location: 2F 1-1: SINGLE (Flyball, 78S) William Gilmore to third Fabio Morán to second Runner from 3rd tries for Home, SAFE, no throw
|
Batting: SHB Randy Anderson
|
0-0: Called Strike 0-1: Fly out, F9 (Flyball, 9LMF)
|
Batting: RHB Gabriel Byram
|
0-0: Called Strike 0-1: Called Strike 0-2: Strikes out swinging
|
Top of the 7th over - 1 run(s), 1 hit(s), 0 error(s), 2 left on base; Texas 4 - Texas Christian 2 |
BOTTOM OF THE 7TH |
Texas Christian Horned Frogs batting - Pitching for Texas Longhorns : LHP Enrique Movonda
|
Batting: RHB Parker Gonzáles
|
0-0: Ball 1-0: Foul Ball, location: 2F 1-1: Ball 2-1: Ground out 5-3 (Groundball, 5)
|
Batting: SHB Pete Fields
|
0-0: Ball 1-0: Ball 2-0: Ball 3-0: Base on Balls
|
Batting: RHB Eric Adams
|
0-0: Ball 1-0: SINGLE (Line Drive, 7LS) Pete Fields to second
|
Batting: RHB Jeff Byford
|
0-0: Ball 1-0: Foul Ball, location: 2F 1-1: Foul Ball, location: 2F 1-2: Ball 2-2: Ball 3-2: Base on Balls Pete Fields to third Eric Adams to second
|
Batting: LHB Todd Gilliam
|
0-0: Ball 1-0: Called Strike 1-1: Ball 2-1: Foul Ball, location: 2F 2-2: Ball 3-2: SINGLE (Line Drive, 56) Pete Fields scores Eric Adams to third Jeff Byford to second
|
Pitching: RHP Dan Garrett
|
|
Batting: RHB Brad Ravenshaw
|
0-0: Called Strike 0-1: Fly out, F8 (Flyball, 8RM) Runner from 3rd tags up, SCORES, no throw
|
Batting: SHB Ron Winston
|
0-0: Foul Ball, location: 2F 0-1: Ball Wild Pitch! Jeff Byford to third Todd Gilliam to second 1-1: Ball 2-1: Foul Ball, location: 2F 2-2: Ball 3-2: Strikes out looking
|
Bottom of the 7th over - 2 run(s), 2 hit(s), 0 error(s), 2 left on base; Texas 4 - Texas Christian 4 |
TOP OF THE 8TH |
Texas Longhorns batting - Pitching for Texas Christian Horned Frogs : LHP Joe Roberts
|
Batting: SHB Del McNeill
|
0-0: Ball 1-0: Swinging Strike 1-1: Ground out 5-3 (Groundball, 56S)
|
Batting: RHB Quentin Barker
|
0-0: Called Strike 0-1: Ball 1-1: Ball 2-1: Ball 3-1: Swinging Strike 3-2: Foul Ball, location: 2F 3-2: Fly out, F8 (Flyball, 78M)
|
Batting: SHB Dave Hickman
|
0-0: Foul Ball, location: 2F 0-1: Foul Ball, location: 2F 0-2: Ball 1-2: Ground out 5-3 (Groundball, 56S)
|
Top of the 8th over - 0 run(s), 0 hit(s), 0 error(s), 0 left on base; Texas 4 - Texas Christian 4 |
BOTTOM OF THE 8TH |
Texas Christian Horned Frogs batting - Pitching for Texas Longhorns : RHP Dan Garrett
|
Batting: RHB Stan Webb
|
0-0: Ball 1-0: Ball 2-0: Foul Ball, location: 2F 2-1: Ball 3-1: Base on Balls
|
Pinch Hitting: RHB Eric Schroeder
|
0-0: Called Strike 0-1: Ball 1-1: Grounds into double play, 6-4-3 (Groundball, 6)
|
Pinch Hitting: LHB Nicholas Morgan
|
0-0: Ball 1-0: Ball 2-0: Ground out 6-3 (Groundball, 6)
|
Bottom of the 8th over - 0 run(s), 0 hit(s), 0 error(s), 0 left on base; Texas 4 - Texas Christian 4 |
TOP OF THE 9TH |
Texas Longhorns batting - Pitching for Texas Christian Horned Frogs : LHP Joe Roberts
|
Pitching: LHP Pat Sanderson
|
|
Now at 3B: Winston Lewis
|
|
Now in LF: Nicholas Morgan
|
|
Batting: RHB William Gilmore
|
0-0: Ball 1-0: Ball 2-0: Ground out 6-3 (Groundball, 6M)
|
Batting: RHB Bob Cooper
|
0-0: Ball 1-0: Ball 2-0: Ball 3-0: Base on Balls
|
Pinch Runner at 1st Frank Music:
|
|
Batting: SHB Fabio Morán
|
0-0: Called Strike 0-1: Swinging Strike 0-2: Ball 1-2: Strikes out swinging Frank Music is caught stealing 2nd base Batter strikes out.
|
Top of the 9th over - 0 run(s), 0 hit(s), 0 error(s), 0 left on base; Texas 4 - Texas Christian 4 |
BOTTOM OF THE 9TH |
Texas Christian Horned Frogs batting - Pitching for Texas Longhorns : RHP Dan Garrett
|
Batting: SHB Pete Fields
|
0-0: Called Strike 0-1: Called Strike 0-2: Ball 1-2: DOUBLE (Popup, 6MD)
|
Batting: RHB Eric Adams
|
0-0: Ball 1-0: SINGLE (Groundball, 56) (infield hit) Pete Fields to third
|
Batting: RHB Jeff Byford
|
0-0: Called Strike 0-1: Ball 1-1: Ball 2-1: Fly out, F9 (Flyball, 9S) Runner from 3rd tags up, SCORES, throw made
|
Tuesday, August 8th, 2017 - OOTP Baseball 17.12 Build 75
|
|